Map: Lerilak Crest

Players

MarineLorD - Winner!

  • Race: Terran Terran
  • League: Grandmaster

Serral

  • Race: Zerg Zerg
  • League: Grandmaster

Event: NationWars III

VOD

Have the link to the VOD?

Description

Time

  • Played on: Jan. 3, 2016, 12:31 p.m.
  • Length: 9:36
Show
View Real Time Build Order
Export as new Build Order

MarineLorD Terran - Winner!

Build Orders: Reaper Expand, Hellion Banshee 

Get SALT Encoding   

  12  0:00  SCV  
  13  0:12  SCV  
  14  0:17  Supply Depot  
  14  0:24  SCV  
  15  0:38  SCV  
  15  0:39  Barracks  
  16  0:44  Refinery  
  16  0:50  SCV  
  17  1:02  SCV  
  18  1:14  SCV  
  19  1:27  Orbital Command  
  19  1:28  Reaper  
  20  1:39  Command Center  
  20  1:52  Supply Depot, SCV  
  21  1:59  Marine  
  22  2:05  SCV  
  23  2:10  Factory  
  23  2:13  Refinery  
  23  2:17  SCV  
  24  2:27  Barracks Reactor  
  24  2:29  SCV  
  25  2:41  SCV  
  26  2:53  SCV, Orbital Command  
  26  2:57  Starport  
  27  3:05  SCV  
  28  3:11  Hellion x2  
  32  3:13  Bunker, Marine  
  32  3:17  SCV  
  32  3:19  SCV  
  35  3:23  Supply Depot  
  35  3:29  SCV  
  35  3:31  SCV, Marine  
  35  3:33  Hellion  
  40  3:35  Hellion  
  40  3:37  Medivac  
  44  3:45  Armory  
  44  3:46  SCV  
  45  3:48  SCV  
  45  3:53  Marine  
  45  3:55  Supply Depot  
  47  3:58  SCV  
  47  4:01  SCV  
  49  4:04  Hellion x2  
  53  4:10  SCV  
  53  4:16  SCV, Starport Tech Lab  
  55  4:20  Supply Depot  
  55  4:22  SCV  
  56  4:25  Hellion  
  56  4:26  Hellion  
  56  4:28  SCV  
  61  4:32  Supply Depot  
  61  4:34  SCV, Terran Ship Weapons Level 1  
  62  4:41  SCV, Cloaking Field  
  62  4:42  Banshee  
  66  4:46  SCV  
  66  4:52  Hellion  
  67  4:53  SCV  
  67  4:58  SCV  
  65  5:01  Hellion  
  67  5:10  SCV  
  67  5:13  Command Center, Hellion  
  70  5:20  SCV  
  69  5:22  Hellion  
  69  5:25  Banshee  
  70  5:32  SCV, Refinery x2  
  70  5:35  Hellion  
  73  5:44  SCV, Hellion  
  73  5:47  Marine  
  73  5:49  SCV  
  76  5:50  Starport  
  76  5:51  Starport  
  76  5:56  Hellion  
  78  6:00  Supply Depot  
  78  6:01  Supply Depot  
  78  6:02  Supply Depot  
  78  6:04  Supply Depot  
  78  6:07  Supply Depot  
  78  6:21  Banshee, Marine  
  78  6:22  SCV x2  
  84  6:27  Hellion x2  
  84  6:28  Orbital Command  
  84  6:29  Starport Tech Lab  
  84  6:30  Starport Tech Lab  
  88  6:34  SCV x2  
  88  6:39  Marine  
  91  6:45  Hellion x5  
  91  6:46  SCV x2, Hellion  
  89  6:49  Hellion  
  89  6:50  Banshee  
  89  6:52  Hellion  
  92  6:56  SCV  
  92  6:58  SCV x2  
  85  7:03  Raven  
  85  7:04  Banshee  
  90  7:09  SCV  
  90  7:10  SCV x2  
  91  7:18  Hellion x2  
  91  7:21  SCV  
  91  7:22  SCV x2  
  92  7:29  Bunker  
  85  7:33  Banshee, SCV  
  85  7:34  SCV x2  
  87  7:46  Banshee, Starport, SCV  
  87  7:47  Banshee  
  93  7:58  SCV  
  93  7:59  Orbital Command  
  93  8:02  SCV  
  93  8:03  Hellion x2  
  68  8:14  SCV  
  68  8:16  Banshee, Liberator  
  69  8:23  SCV  
  69  8:25  SCV, Hellion  
  69  8:26  SCV  
  73  8:29  Banshee  
  76  8:37  SCV  
  76  8:38  SCV x2  
  76  8:41  Starport Reactor  
  79  8:49  SCV, Hellion x2  
  79  8:50  SCV x2  
  86  9:02  SCV  
  88  9:03  SCV  
  85  9:14  SCV  
  85  9:15  SCV  
Show
View Real Time Build Order
Export as new Build Order

Serral Zerg 

Build Orders: Hatch First 

Get SALT Encoding   

  12  0:01  Drone  
  13  0:12  Overlord  
  13  0:17  Drone  
  14  0:30  Drone x2  
  14  0:34  Drone  
  17  0:52  Hatchery  
  17  0:55  Drone  
  17  0:58  Drone  
  17  1:01  Extractor  
  17  1:07  Drone  
  18  1:16  Spawning Pool  
  17  1:19  Drone  
  18  1:28  Drone  
  19  1:38  Drone  
  20  1:49  Overlord  
  20  2:04  Queen x2  
  20  2:05  Zergling x2  
  20  2:06  Zergling x2  
  20  2:07  Metabolic Boost  
  26  2:12  Drone  
  26  2:14  Drone  
  28  2:25  Spore Crawler  
  27  2:33  Drone x3  
  31  2:37  Zergling x2  
  31  2:40  Spore Crawler, Queen  
  31  2:44  Drone  
  33  2:47  Overlord  
  33  2:53  Drone  
  33  2:58  Zergling x2  
  35  3:04  Overlord  
  35  3:09  Drone  
  36  3:14  Drone x3  
  36  3:18  Queen  
  41  3:21  Hatchery  
  41  3:23  Drone  
  41  3:25  Drone  
  42  3:31  Drone x2  
  44  3:36  Roach Warren  
  43  3:43  Zergling x2  
  43  3:44  Zergling x2  
  43  3:46  Overlord  
  43  3:47  Drone  
  43  3:48  Drone  
  47  3:52  Drone x2  
  49  3:58  Overlord  
  49  4:01  Extractor  
  48  4:03  Drone x3  
  55  4:17  Roach x3, Extractor  
  55  4:18  Drone  
  55  4:20  Roach x2  
  61  4:25  Extractor  
  61  4:27  Drone x4  
  61  4:30  Drone  
  65  4:33  Queen  
  65  4:37  Lair  
  67  4:41  Roach  
  59  4:54  Roach  
  59  4:55  Roach x2  
  59  4:57  Roach  
  48  5:17  Roach x3  
  52  5:22  Roach  
  52  5:23  Roach  
  54  5:29  Queen x2  
  58  5:38  Glial Reconstitution  
  55  5:47  Roach x2  
  59  5:53  Roach x2  
  63  6:02  Roach x4  
  71  6:09  Roach  
  73  6:12  Overlord  
  73  6:13  Overlord  
  73  6:20  Overseer  
  73  6:32  Queen  
  71  6:34  Queen  
  73  6:50  Roach  
  73  6:51  Roach x2  
  71  7:00  Roach x2  
  71  7:01  Roach  
  73  7:23  Roach x7  
  85  7:32  Roach x2  
  86  7:39  Ravager x3  
  87  7:46  Roach  
  89  8:01  Queen  
  89  8:02  Queen x2  
  83  8:12  Drone x3  
  56  8:36  Queen  
  56  8:37  Queen  
  56  8:38  Queen  
  62  8:43  Roach x4  
  62  8:47  Spore Crawler  
  69  8:49  Roach  
  71  8:58  Roach x3  
Tags
 
Add a new tag
Caveats
  • Supply blocks, unpowered buildings, or Contaminate may cause inaccurate times.
  • Supply counts are checked every 10 seconds.